 Dungeon Crawl Stone Soup version 0.31-a0-1178-gc5c9b8f871 (webtiles) character file.

Game seed: 9423634879212892136

240 qw the Shooter (level 6, -1/39 HPs)
             Began as a Gargoyle Hunter on Dec 11, 2023.
             Slain by an ufetubus (3 damage)
             ... summoned by Eustachio
             ... on level 4 of the Dungeon.
             The game lasted 00:01:01 (2611 turns).

qw the Shooter (Gargoyle Hunter)                    Turns: 2611, Time: 00:01:02

Health: -1/39      AC:  9    Str: 15    XL:     6   Next: 8%
Magic:  6/6        EV: 11    Int:  9    God:
Gold:   157        SH:  0    Dex: 15    Spells: 5/5 levels left

rFire   . . .        a - +1 shortbow
rCold   . . .        (shield currently unavailable)
rNeg    + . .        b - +0 ring mail
rPois   inf          (no helmet)
rElec   +            (no cloak)
rCorr   .            (no gloves)
SInv    .            (no boots)
Will    .....        (no amulet)
Stlth   +            (no ring)
HPRegen 0.26/turn    (no ring)
MPRegen 0.10/turn

%: no passive effects
@: no status effects
A: sickness immunity, AC +4, negative energy resistance 1, electricity
resistance, torment resistance 1, petrification resistance
a: no special abilities


You were on level 4 of the Dungeon.
You visited 1 branch of the dungeon, and saw 4 of its levels.

You collected 157 gold pieces.


Innate Abilities, Weirdness & Mutations

You are immune to sickness and miasma.
Your stone body is resilient. (AC +4)
You are immune to poison.
You resist negative energy. (rN+)
You are resistant to electric shocks. (rElec)
You are resistant to unholy torment.
You are immune to petrification.


   Skills:
 - Level 4.3 Fighting
 + Level 6.1 Ranged Weapons
 - Level 1.0 Armour
 - Level 1.5 Dodging
 - Level 1.1 Stealth


You had 5 spell levels left.
You didn't know any spells.
Your spell library was empty.

Inventory:

Hand Weapons
 a - a +1 shortbow (weapon)
Armour
 b - a +0 ring mail (worn)
Potions
 c - a potion of brilliance {unknown}
 d - a potion of enlightenment
 l - a potion of might

Dungeon Overview and Level Annotations

Branches:
Dungeon (4/15)
 Temple: D:4-7

Altars:
The Shining One

Annotations:
D:4 Eustachio


Message History

The bat hits you but does no damage. The ufetubus attacks as it pursues you!
The ufetubus closely misses you.
The ufetubus hits you but does no damage.
The white imp gestures at you. The puff of frost hits you!
The crimson imp summons a swarm of flies.
You shoot an arrow. The arrow barely misses the ufetubus.
The bat completely misses you. The bat barely misses you.
The bat hits you but does no damage. The ufetubus barely misses you.
The ufetubus closely misses you.
The ufetubus hits you but does no damage. x2
You shoot an arrow. The arrow hits the ufetubus.
The ufetubus is lightly wounded.
The bat hits you but does no damage. x2; The ufetubus closely misses you.
The ufetubus hits you but does no damage.
The bat barely misses you. The white imp misses you.
Eustachio says, "Summoning is fun!"
The ufetubus completely misses you.
The ufetubus hits you but does no damage.
You shoot an arrow.
The arrow hits the ufetubus but does no damage.
The ufetubus is lightly wounded.
The bat hits you but does no damage. The ufetubus completely misses you.
The ufetubus barely misses you.
The crimson imp blinks!
The white imp hits you. The white imp freezes you.
Eustachio casts a spell.
Eustachio blinks!
The orc closely misses you.
You shoot an arrow. The arrow hits the ufetubus.
The ufetubus is almost dead.
The ufetubus barely misses you.
The ufetubus hits you but does no damage.
The orc hits you with a +0 short sword. The white imp gestures at you.
The puff of frost misses you. The ufetubus hits you.
The ufetubus closely misses you. The orc hits you but does no damage.
You shoot an arrow. The arrow barely misses the ufetubus.
The ufetubus misses you. The ufetubus hits you.
The white imp barely misses you. The orc barely misses you.
The orc hits you but does no damage. The ufetubus hits you. x2
You die...

##### ##@ob##
####5o5b.##
########.(.ro....#
#####......)....r....#
......####.###.>5....#
########...# #).....##
....###.@.......#
##### #.#.........
...#.......#..


You could see Eustachio, a crimson imp (summoned), a river rat (summoned), a
white imp (summoned), an ufetubus (summoned), 3 orcs, 2 bats and a rat
(summoned).

Vanquished Creatures
  A scorpion (D:4)
  Jessica (D:2)
  An orc wizard (D:3)
  2 adders
  4 gnolls (D:2)
  A worm (D:2)
  A dart slug (D:3)
  7 orcs
  8 ball pythons
  2 bats
  3 endoplasms
  2 giant cockroaches
  8 hobgoblins
  4 jackals (D:3)
  3 quokkas
  3 frilled lizards
  5 goblins
  6 kobolds
  A rat (D:2)
63 creatures vanquished.

Notes
Turn   | Place    | Note
-------+----------+-------------------------------------------
     0 | D:1      | qw the Gargoyle Hunter began the quest for the Orb.
     0 | D:1      | Reached XP level 1. HP: 12/12 MP: 1/1
     0 | D:1      | 0 ||| qw: Version: 0.3-a-106-g2cfff9e
     0 | D:1      | 0 ||| qw: Game counter: 1955
     0 | D:1      | 0 ||| qw: Melee chars always use a shield: true
     0 | D:1      | 0 ||| qw: God list: Okawaru
     0 | D:1      | 0 ||| qw: Allow faded altars: false
     0 | D:1      | 0 ||| qw: Do Orc after clearing Dungeon:15 true
     0 | D:1      | 0 ||| qw: Do second Lair branch before Depths: true
     0 | D:1      | 0 ||| qw: Lair rune preference: random
     0 | D:1      | 0 ||| qw: Goals: Normal, Save, Zot:1-4, Win
     0 | D:1      | 0 ||| PLANNING D:1-11
   211 | D:1      | Reached XP level 2. HP: 17/17 MP: 2/2
   434 | D:1      | 434 ||| READING scroll labelled YRERIX POAR.
   435 | D:1      | 435 ||| READING scroll labelled POHAW RUGOITTI.
   436 | D:1      | 436 ||| DROPPING scroll of butterflies.
   547 | D:2      | Reached XP level 3. HP: 21/21 MP: 3/3
   586 | D:2      | Found a glowing golden altar of the Shining One.
   614 | D:2      | Reached skill level 5 in Ranged Weapons
   721 | D:2      | Found a faded altar of an unknown god.
   742 | D:2      | 742 ||| RETREEAATING.
   750 | D:2      | Reached skill level 3 in Fighting
   765 | D:2      | Reached XP level 4. HP: 18/28 MP: 4/4
  1264 | D:2      | Noticed Jessica
  1270 | D:2      | Killed Jessica
  1311 | D:2      | 1311 ||| UPGRADING to +0 ring mail.
  1321 | D:2      | 1321 ||| DROPPING +0 leather armour.
  1322 | D:2      | 1322 ||| READING scroll labelled ULEPLI RYMOF.
  1322 | D:2      | 1322 ||| IDENTIFYING 2 purple potions
  1323 | D:2      | 1323 ||| DROPPING 2 potions of attraction.
  1416 | D:3      | Reached XP level 5. HP: 32/32 MP: 5/5
  1554 | D:3      | Reached skill level 1 in Armour
  1580 | D:3      | 1580 ||| FLEEEEING.
  1581 | D:3      | 1581 ||| FLEEEEING.
  1582 | D:3      | 1582 ||| FLEEEEING.
  1585 | D:3      | 1585 ||| FLEEEEING.
  1586 | D:3      | 1586 ||| FLEEEEING.
  1587 | D:3      | 1587 ||| FLEEEEING.
  1590 | D:3      | 1590 ||| FLEEEEING.
  1591 | D:3      | 1591 ||| FLEEEEING.
  1593 | D:3      | 1593 ||| FLEEEEING.
  1594 | D:3      | 1594 ||| FLEEEEING.
  1595 | D:3      | 1595 ||| FLEEEEING.
  1596 | D:3      | 1596 ||| FLEEEEING.
  1597 | D:3      | 1597 ||| FLEEEEING.
  1598 | D:3      | 1598 ||| FLEEEEING.
  1602 | D:3      | 1602 ||| FLEEEEING.
  1603 | D:3      | 1603 ||| DRINKING 2 puce potions.
  1612 | D:3      | Reached skill level 6 in Ranged Weapons
  2372 | D:3      | 2372 ||| DROPPING scarf of invisibility.
  2373 | D:3      | 2373 ||| DROPPING ring of wizardry.
  2374 | D:3      | 2374 ||| READING 4 scrolls of identify.
  2374 | D:3      | 2374 ||| IDENTIFYING grey potion
  2375 | D:3      | 2375 ||| READING 3 scrolls of identify.
  2375 | D:3      | 2375 ||| IDENTIFYING fizzy inky potion
  2376 | D:3      | 2376 ||| READING 2 scrolls of identify.
  2376 | D:3      | 2376 ||| IDENTIFYING scroll labelled JAWNAU SETIJO
  2377 | D:3      | 2377 ||| READING scroll of identify.
  2377 | D:3      | 2377 ||| IDENTIFYING scroll labelled WUCWAO HIMELI
  2378 | D:3      | 2378 ||| READING scroll of enchant weapon.
  2378 | D:3      | 2378 ||| ENCHANTING +0 shortbow.
  2379 | D:3      | 2379 ||| READING 2 scrolls labelled FED LADEEROERAMI.
  2380 | D:3      | 2380 ||| READING scroll labelled HASHO SAIMERRY.
  2381 | D:3      | 2381 ||| READING scroll labelled FET BEAGAUNONN.
  2382 | D:3      | 2382 ||| READING scroll labelled BIAHOY QOULIWK.
  2387 | D:3      | 2387 ||| DROPPING scroll of revelation.
  2388 | D:3      | 2388 ||| DROPPING scroll of fog.
  2581 | D:4      | Reached XP level 6. HP: 39/39 MP: 6/6
  2583 | D:4      | Noticed Eustachio
  2596 | D:4      | HP: 9/39 [Eustachio/+1 rapier of venom (5)]
  2597 | D:4      | 2597 ||| DRINKING 2 potions of heal wounds.
  2601 | D:4      | HP: 6/39 [orc/+3 war axe (6)]
  2602 | D:4      | 2602 ||| DRINKING potion of heal wounds.
  2603 | D:4      | 2603 ||| Stepping ~*~*~tactically~*~*~ (retreating).
  2604 | D:4      | 2604 ||| Stepping ~*~*~tactically~*~*~ (retreating).
  2605 | D:4      | 2605 ||| Stepping ~*~*~tactically~*~*~ (retreating).
  2606 | D:4      | 2606 ||| Stepping ~*~*~tactically~*~*~ (retreating).
  2610 | D:4      | HP: 9/39 [orc/+0 short sword (1)]
  2611 | D:4      | HP: 2/39 [ufetubus[Eustachio] (4)]
  2611 | D:4      | Slain by an ufetubus

Levels and vault maps discovered:
D:1:      dpeg_arrival_round_c, layout_basic
D:2:      layout_basic, basic_altar, basic_ecumenical_altar, hex_tiny,
          minivault_27, uniq_jessica
D:3:      layout_basic
D:4:      layout_rooms, grunt_decor_clamped, hangedman_glass_teeth,
          st_stairs_13, uniq_eustachio

Skill      XL: |  1  2  3  4  5 |
---------------+----------------+-----
Ranged Weapons | 5 6 |  6.1
Fighting       | 3 4 |  4.3
Armour         | 1 |  1.0
Dodging        | |  1.5
Stealth        | |  1.1

Action                     |  1- 3 |  4- 6 || total
---------------------------+-------+-------++-------
   Fire: Shortbow          |    67 |   126 ||   193
    Use: Scroll            |     2 |    10 ||    12
         Potion            |       |     3 ||     3
 Armour: Leather armour    |    12 |     5 ||    17
         Ring mail         |       |    94 ||    94
  Dodge: Dodged            |    14 |    71 ||    85

Table legend:
 A = Non-vault XP
 B = Vault XP
 C = Vault XP percentage of total XP
 D = Non-vault monster count
 E = Vault monster count
 F = Vault count percentage of total count
                 A         B        C        D         E       F
            +---------+---------+-------+---------+---------+-------
      Total |     305 |      39 |  11.3 |      61 |       2 |   3.2
            +---------+---------+-------+---------+---------+-------
        D:1 |      27 |       0 |   0.0 |      15 |       0 |   0.0
        D:2 |      97 |      37 |  27.6 |      20 |       1 |   4.8
        D:3 |      78 |       0 |   0.0 |      21 |       0 |   0.0
        D:4 |     103 |       2 |   1.9 |       5 |       1 |  16.7
            +---------+---------+-------+---------+---------+-------
